 Dungeon Sprint DCSS version 0.19-a0-376-gf780d9b (webtiles) character file.

1813 namelastname112 the Covert (level 8, -3/67 HPs)
             Began as a Vampire Enchanter on May 30, 2016.
             Was an Initiate of Dithmenos.
             Slain by a centaur warrior (14 damage)
             ... in the Dungeon (Sprint I: "Red Sonja").
             The game lasted 00:03:11 (4047 turns).

namelastname112 the Covert (Vampire Enchanter)      Turns: 4047, Time: 00:03:11

Health: -3/67      AC:  3    Str:  7    XL:     8   Next: 84%
Magic:  10/19      EV: 19    Int: 17    God:    Dithmenos [......]
Gold:   731        SH:  0    Dex: 17    Spells: 5 memorised, 10 levels left

rFire  . . .     SeeInvis +     l - +0 short sword (distort)
rCold  + + .     Gourm    .     b - +1 robe
rNeg   + + +     Faith    .     (no shield)
rPois  ∞         Spirit   .     (no helmet)
rElec  .         Dismiss  .     (no cloak)
rCorr  .         Reflect  .     (no gloves)
SustAt +         Harm     .     (no boots)
MR     .....     NoTele   +     (no amulet)
Stlth  +++++++...               (no ring)
                                i - ring of sustain attributes

@: bloodless, non-regenerating, not resistant to hostile enchantments, extremely
stealthy
A: fangs 3, see invisible, unbreathing
a: Bat Form, Renounce Religion


You were in the Dungeon.
You worshipped Dithmenos.
Dithmenos was noncommittal.
You were bloodless.

You visited 1 branch You collected 731 gold pieces.

Inventory:

Hand Weapons
 k - a +0 blowgun
 l - a +0 short sword of distortion (weapon)
Missiles
 m - 4 curare-tipped needles
Armour
 b - a +1 robe (worn)
Jewellery
 i - a ring of sustain attributes (left hand)
Scrolls
 j - a scroll of blinking
 n - a scroll of random uselessness {unknown}
Potions
 a - a potion of invisibility {unknown}
 d - 4 potions of blood
 e - 4 potions of curing
 g - a potion of haste
 h - 2 potions of magic
Books
 c - a book of Maledictions

   Spells                             Type                      Level
   a - Corona                         Hexes                        1
   b - Ensorcelled Hibernation        Hexes/Ice                    2
   c - Confuse                        Hexes                        3
   d - Tukima's Dance                 Hexes                        3
   e - Dazzling Spray                 Conjuration/Hexes            3


   Skills:
 + Level 7.4 Fighting
 + Level 9.0 Short Blades
 + Level 9.2 Dodging
 + Level 13.0 Stealth
 + Level 7.7 Spellcasting
 + Level 12.1 Hexes


You had 10 spell levels left.
You knew the following spells:

 Your Spells              Type           Power        Failure   Level  Hunger
a - Tukima's Dance        Hex            #####...     1%          3    #......
b - Corona                Hex            #####..      1%          1    None
c - Dazzling Spray        Conj/Hex       ####..       2%          3    #......
x - Confuse               Hex            #####...     1%          3    #......
z - Ensorcelled Hibernat  Hex/Ice        ####..       1%          2    None


Dungeon Overview and Level Annotations

Branches:
Dungeon (1/1)

Altars:
Cheibriados
Dithmenos
Elyvilon
Fedhas
Gozag
Hepliaklqana
Kikubaaqudgha
Makhleb
Nemelex Xobeh
Okawaru
Pakellas
Qazlal
Ru
Sif Muna
Trog
Ukayaw
Vehumet
Xom
Yredelemnul
Zin
The Shining One
Jiyva

Shops:
D **


Innate Abilities, Weirdness & Mutations

You do not heal naturally.
You are immune to poison.
You have razor-sharp teeth.
You have supernaturally acute eyesight. (SInv)
You can survive without breathing.


Message History

You feel better.
You feel slightly less thirsty.
You impale the centaur warrior!!
You kill the centaur warrior!
Dithmenos accepts your kill.
You hear a splash. x2
Your Fighting skill increases to level 7!
Your Short Blades skill increases to level 9!
Your Dodging skill increases to level 9!
Your Stealth skill increases to level 13!
Your Hexes skill increases to level 12!
The centaur warrior completely misses you.
You regained 9 hp, and now have 11/67 hp.
Casting: Dazzling Spray
Confirm with . or Enter, or press ? or * to list all spells.
Aiming: Confuse
Press: ? - help, Shift-Dir - straight line, f - centaur warrior
Aim: a centaur warrior (purple smoke, chance to defeat MR: 53%)
The centaur warrior resists with significant effort.
The centaur warrior hits you!
You die...

###################
#..)..#.)'..#__#..+
').#..'..#..'^.'..#
#####'#####'#__####
####..#...#.####%§#
#__####..##§#≈§§§§#
#_____##'#§.§≈§§§§+
#_.∩...'..._#§§§@c#
#_._._##_.#'##+####
#_____###'#[#
#########.###
.......'...+
++++####)..#
###.### #.#'#.#
#.....#


You could see a centaur warrior.

Vanquished Creatures
  A centaur warrior (D)
  Sonja (D)
  A slime creature (D)
  Sigmund (D)
  A yak (D)
  An ogre (D)
  A jelly (D)
  Ijyb (D)
  4 ballistomycetes (D)
12 creatures vanquished.

Vanquished Creatures (others)
  A gargoyle (D)
  2 giant spores (D)
3 creatures vanquished.

Grand Total: 15 creatures vanquished

Notes
Turn   | Place    | Note
--------------------------------------------------------------
     0 | D        | namelastname112 the Vampire Enchanter began the quest for the Orb.
     0 | D        | Reached XP level 1. HP: 13/13 MP: 3/3
     1 | D        | Noticed Ijyb
    14 | D        | Killed Ijyb
    14 | D        | Reached skill level 1 in Fighting
    14 | D        | Reached skill level 5 in Stealth
    14 | D        | Reached skill level 5 in Hexes
    14 | D        | Reached XP level 2. HP: 19/22 MP: 3/5
   664 | D        | Learned a level 2 spell: Ensorcelled Hibernation
   930 | D        | Killed a gargoyle
  2741 | D        | Noticed an ogre
  2745 | D        | Killed an ogre
  2745 | D        | Reached skill level 7 in Stealth
  2745 | D        | Reached XP level 3. HP: 29/29 MP: 4/8
  2745 | D        | Reached XP level 4. HP: 35/35 MP: 4/9
  2794 | D        | Learned a level 3 spell: Confuse
  2798 | D        | Learned a level 3 spell: Tukima's Dance
  2799 | D        | Noticed Sigmund
  2801 | D        | Killed Sigmund
  2801 | D        | Reached skill level 5 in Short Blades
  2801 | D        | Reached skill level 5 in Dodging
  2801 | D        | Reached skill level 9 in Stealth
  2801 | D        | Reached skill level 5 in Spellcasting
  2801 | D        | Reached XP level 5. HP: 43/43 MP: 9/12
  2801 | D        | Reached XP level 6. HP: 49/49 MP: 9/13
  2829 | D        | Learned a level 3 spell: Dazzling Spray
  2829 | D        | Found a deep blue altar of Sif Muna.
  2831 | D        | Found a radiant altar of Vehumet.
  2846 | D        | Found Alit's General Store.
  2846 | D        | Found a white marble altar of Elyvilon.
  2846 | D        | Found a stormy altar of Qazlal.
  2846 | D        | Found a burning altar of Makhleb.
  2846 | D        | Found a sacrificial altar of Ru.
  2846 | D        | Found a hazy altar of Hepliaklqana.
  2846 | D        | Found an oddly glowing altar of Pakellas.
  2846 | D        | Found a hide-covered altar to Ukayaw.
  2846 | D        | Found a basalt altar of Yredelemnul.
  2846 | D        | Found a glowing golden altar of the Shining One.
  2846 | D        | Found a sparkling altar of Nemelex Xobeh.
  2846 | D        | Found a shimmering altar of Xom.
  2846 | D        | Found an opulent altar of Gozag.
  2846 | D        | Found an ancient bone altar of Kikubaaqudgha.
  2846 | D        | Found a glowing silver altar of Zin.
  2846 | D        | Noticed a yak
  2850 | D        | Killed a yak
  2850 | D        | Reached skill level 5 in Fighting
  2850 | D        | Reached skill level 10 in Stealth
  2851 | D        | Found an iron altar of Okawaru.
  2884 | D        | Found a bloodstained altar of Trog.
  2888 | D        | namelastname112: mmm slay
  2888 | D        | jacquesderrida: HEH
  2909 | D        | Noticed Sonja
  2913 | D        | Killed Sonja
  2913 | D        | Reached skill level 11 in Stealth
  2913 | D        | Reached XP level 7. HP: 51/59 MP: 15/17
  2913 | D        | Reached XP level 8. HP: 56/65 MP: 15/18
  2927 | D        | crauler: did you say slay?
  2927 | D        | jacquesderrida: КУРАРОЙ ЕБАШ
  2973 | D        | jacquesderrida: 0 DEMEG OT IGOLOK
  3792 | D        | Found Ygal's General Store.
  3819 | D        | Found a snail-covered altar of Cheibriados.
  3819 | D        | Found a viscous altar of Jiyva.
  3819 | D        | Found a shadowy altar of Dithmenos.
  3819 | D        | Found a blossoming altar of Fedhas.
  3819 | D        | Noticed a slime creature
  3834 | D        | Killed a slime creature
  3834 | D        | Reached skill level 12 in Stealth
  3847 | D        | Became a worshipper of Dithmenos the Shadowed
  4024 | D        | jacquesderrida: zaebasheel
  4037 | D        | Noticed a centaur warrior
  4037 | D        | Noticed a centaur warrior
  4043 | D        | jacquesderrida: ZAH
  4045 | D        | HP: 2/65 [centaur warrior (16)]
  4046 | D        | Killed a centaur warrior
  4046 | D        | Reached skill level 13 in Stealth
  4047 | D        | Slain by a centaur warrior

Vault maps used:
D:        dungeon_sprint_1

Skill      XL: |  1  2  3  4  5  6  7  8 |
---------------+-------------------------+-----
Fighting       | 1 3 4 6 7 |  7.4
Short Blades   | 2 4 5 7 9 |  9.0
Dodging        | 3 4 5 8 9 |  9.2
Stealth        | 5 7 9 11 13 | 13.0
Hexes          | 5 7 8 11 12 | 12.1
Spellcasting   | 3 5 6 7 |  7.7

Action                   |  1- 3 |  4- 6 |  7- 9 || total
-------------------------+-------+-------+-------++-------
Melee: Dagger            |    11 |     5 |       ||    16
       Short sword       |       |       |    33 ||    33
       Bite              |       |       |     2 ||     2
 Fire: Blowgun           |       |       |     3 ||     3
 Cast: Ensorcelled Hiber |     1 |     2 |     3 ||     6
       Confuse           |       |       |     4 ||     4
       Dazzling Spray    |       |       |     1 ||     1
  Use: Potion            |     2 |       |     2 ||     4
 Stab: Sleeping          |     1 |     4 |       ||     5
       Invisible         |       |       |     2 ||     2
       Confused          |       |       |     1 ||     1
Armor: Robe              |     2 |       |       ||     2
Dodge: Dodged            |     2 |     1 |    14 ||    17
